 Dungeon Crawl Stone Soup version 0.29-a0-824-gd827844252 (webtiles) character file.

Game seed: 10099381070295086003

28650 Zappman123 the Blocker (level 13, -7/82 HPs)
             Began as a Gargoyle Earth Elementalist on July 9, 2022.
             Was an Elder of Vehumet.
             Mangled by Rupert
             ... wielding a +1 vorpal battleaxe
              (40 damage)
             ... on level 3 of the Lair of Beasts.
             The game lasted 00:36:57 (22620 turns).

Zappman123 the Blocker (GrEE)                      Turns: 22620, Time: 00:36:57

Health: -7/82      AC: 19    Str: 14    XL:     13   Next: 40%
Magic:  3/31       EV: 18    Int: 19    God:    Vehumet [****..]
Gold:   1935       SH: 19    Dex: 14    Spells: 13/24 levels left

rFire   . . .      SeeInvis .   a - +9 dagger of Eternity {pain, *Rage Will+++ MP+9 Dex-2}
rCold   . . .      Faith    .   b - +2 kite shield of Vanity {Dex+6}
rNeg    + . .      Spirit   .   M - +2 troll leather armour
rPois   ∞          Reflect  +   n - +0 helmet
rElec   +          Harm     .   (no cloak)
rCorr   +          Rampage  .   x - +0 pair of gloves
Will    +++..      Rage     20% (no boots)
Stlth   ++........              I - amulet of reflection
HPRegen 1.03/turn               g - +4 ring of evasion
MPRegen 0.22/turn               h - ring of resist corrosion

@: hasted, very quick
A: sickness immunity, AC +9, negative energy resistance 1, electricity
resistance, torment resistance 1, petrification resistance
a: Renounce Religion


You were on level 3 of the Lair of Beasts.
You worshipped Vehumet.
Vehumet was greatly pleased with you.
You visited 3 branches of the dungeon, and saw 17 of its levels.
You also visited: Ice Cave.

You collected 1935 gold pieces.

Inventory:

Hand Weapons
 a - the +9 dagger of Eternity (weapon) {pain, *Rage Will+++ MP+9 Dex-2}
   (You found it on level 13 of the Dungeon)

   In the hands of one skilled in necromantic magic, it inflicts extra damage on
   living creatures.
   Dex:       It affects your dexterity (-2).
   MP:        It affects your magic capacity (+9).
   *Rage:     It berserks you when you make melee attacks (+20% chance).
   Will:      It greatly increases your willpower.
Missiles
 o - 4 poisoned darts
 t - 4 throwing nets
 C - 6 curare-tipped darts (quivered)
Armour
 b - the +2 kite shield of Vanity (worn) {Dex+6}
   (You acquired it on level 4 of the Dungeon)

   Dex:       It affects your dexterity (+6).
 n - a +0 helmet (worn)
 q - +0 steam dragon scales
 x - a +0 pair of gloves (worn)
 y - a +2 ring mail of cold resistance
 M - a +2 troll leather armour (worn)
Magical Staves
 p - a staff of fire
Jewellery
 g - a +4 ring of evasion (left hand)
 h - a ring of resist corrosion (right hand)
 w - a ring of fire
 I - an amulet of reflection (around neck)
Wands
 E - a wand of paralysis (2)
 L - a wand of light (5)
 P - a wand of polymorph (20)
 Z - a wand of flame (17)
Scrolls
 i - 6 scrolls of identify
 j - a scroll of poison
 k - a scroll of teleportation
 u - 3 scrolls of enchant weapon
 A - 3 scrolls of immolation
 D - 2 scrolls of brand weapon
 H - 2 scrolls of magic mapping
 N - a scroll of silence {unknown}
 Q - 3 scrolls of vulnerability
Potions
 c - 13 potions of curing
 d - a potion of magic
 f - 3 potions of might
 l - 5 potions of flight
 r - a potion of ambrosia
 s - 4 potions of cancellation
 v - 4 potions of lignification
 B - 5 potions of attraction {wounds}
 F - a potion of berserk rage {unknown}
 G - 2 potions of heal wounds
 J - a potion of resistance {unknown}
 O - a potion of mutation {unknown}
Miscellaneous
 m - a condenser vane (inert)
 z - a phial of floods (inert)


   Skills:
 + Level 9.9 Fighting
 - Level 4.0 Short Blades
 - Level 8.0 Armour
 - Level 8.0 Dodging
 - Level 2.1 Stealth
 - Level 12.0 Shields
 - Level 6.0 Spellcasting
 - Level 8.0 Conjurations
 - Level 0.7 Transmutations
 - Level 10.0 Earth Magic


You had 13 spell levels left.
You knew the following spells:

 Your Spells              Type           Power      Damage    Failure   Level
a - Sandblast             Erth           86%        2d18      1%          1
b - Stone Arrow           Conj/Erth      78%        3d11      1%          3
q - Passwall              Tmut/Erth      21%        N/A       4%          2
M - Iskenderun's Battles  Conj           36%        2d9       8%          5

Your spell library contained the following spells:

 Spells                   Type           Power      Damage    Failure   Level
 Olgreb's Toxic Radiance  Pois           5%         N/A       54%         4
 Foxfire                  Conj/Fire      80%        2x1d8     1%          1
 Magic Dart               Conj           100%       1d8       1%          1
 Searing Ray              Conj           72%        2d7       1%          2
 Conjure Flame            Conj/Fire      20%        6-21      4%          3
 Flame Wave               Conj/Fire      20%        2d7       13%         4
 Fulminant Prism          Conj/Hex       10%        3d9       13%         4
 Inner Flame              Hex/Fire       5%         N/A       21%         3
 Petrify                  Tmut/Erth      26%        N/A       30%         4
 Fireball                 Conj/Fire      10%        3d6       34%         5
 Lightning Bolt           Conj/Air       10%        1d23      34%         5
 Blink                    Tloc           10%        N/A       38%         2
 Ensorcelled Hibernation  Hex/Ice        10%        N/A       38%         2
 Airstrike                Air            2%         0-2+      54%         4
 Portal Projectile        Hex/Tloc       10%        N/A       63%         3
 Swiftness                Air            5%         N/A       63%         3
 Tukima's Dance           Hex            5%         N/A       63%         3
 Borgnjor's Vile Clutch   Necr/Erth      12%        N/A       67%         5
 Conjure Ball Lightning   Conj/Air       10%        3x3d6     86%         6
 Orb of Destruction       Conj           18%        9d8       88%         7
 Anguish                  Hex/Necr       2%         N/A       95%         4
 Animate Dead             Necr           5%         N/A       95%         4
 Summon Lightning Spire   Summ/Air       5%         N/A       95%         4
 Blade Hands              Tmut           4%         N/A       99%         5
 Manifold Assault         Tloc           5%         N/A       100%        5
 Death Channel            Necr           2%         N/A       100%        6
 Enfeeble                 Hex            2%         N/A       100%        7
 Storm Form               Tmut/Air       3%         N/A       100%        7


Dungeon Overview and Level Annotations

Branches:
Dungeon (13/15)            Temple (1/1) D:7            Lair (3/6) D:8
 Shoals (0/4) Lair:3       Spider (0/4) Lair:2          Orc (0/2) D:10
  IceCv (visited)
 Vaults: D:13-14

Altars:
Ashenzari
Cheibriados
Dithmenos
Elyvilon
Fedhas
Gozag
Hepliaklqana
Kikubaaqudgha
Makhleb
Nemelex Xobeh
Okawaru
Qazlal
Ru
Sif Muna
Trog
Uskayaw
Vehumet
Wu Jian
Xom
Yredelemnul
Zin
The Shining One

Annotations:
D:7 /sorceror scarf, exclusions: orc sorcerer, sky beast and 4 more exclusions
D:8 3 runed translucent doors, Gwenloh's ghost, novice HOAK
Lair:3 Rupert


Innate Abilities, Weirdness & Mutations

You are immune to sickness and miasma.
Your stone body is resilient. (AC +9)
You are immune to poison.
You resist negative energy. (rN+)
You are resistant to electric shocks. (rElec)
You are resistant to unholy torment.
You are immune to petrification.


Message History

Rupert is almost dead.
* * * LOW MAGIC WARNING * * *
You block Rupert's attack.
Casting: Stone Arrow (safe; 1% risk of failure)
Confirm with . or Enter, or press ? or * to list all spells.
Aiming: Stone Arrow (safe; 1% risk of failure)
Press: ? - help, Shift-Dir - straight line, f/p - Rupert
Aim: Rupert, wielding a +1 vorpal battleaxe and wearing a +0 chain mail (almost dead, berserk, 81% to hit)
The stone arrow misses Rupert.
* * * LOW MAGIC WARNING * * *
Rupert hits you with a +1 vorpal battleaxe!!
* * * LOW HITPOINT WARNING * * *
x2 The komodo dragon bites you but does no damage.
You take 33 damage, and have 14/82 hp.
Casting: Stone Arrow (safe; 1% risk of failure)
Confirm with . or Enter, or press ? or * to list all spells.
Aiming: Stone Arrow (safe; 1% risk of failure)
Press: ? - help, Shift-Dir - straight line, f/p - Rupert
Aim: Rupert, wielding a +1 vorpal battleaxe and wearing a +0 chain mail (almost dead, berserk, 81% to hit)
The stone arrow misses Rupert.
* * * LOW MAGIC WARNING * * *
Rupert closely misses you.
You feel much better. You block Rupert's attack.
The komodo dragon bites you but does no damage.
Casting: Stone Arrow (safe; 1% risk of failure)
Confirm with . or Enter, or press ? or * to list all spells.
Aiming: Stone Arrow (safe; 1% risk of failure)
Press: ? - help, Shift-Dir - straight line, f/p - Rupert
Aim: Rupert, wielding a +1 vorpal battleaxe and wearing a +0 chain mail (almost dead, berserk, 81% to hit)
The stone arrow hits Rupert!
Rupert is almost dead.
* * * LOW MAGIC WARNING * * *
Rupert hits you with a +1 vorpal battleaxe.
* * * LOW HITPOINT WARNING * * *
x2 The komodo dragon bites you!!
* * * LOW HITPOINT WARNING * * *
You take 26 damage, and have 11/82 hp.
You feel much better.
Rupert hits you with a +1 vorpal battleaxe!!!
You die...

.......###.#.........
# .##...#.####.#......
#.#≈.....########....#
≈(....P##...###....#
#....# #...+......#
#...# #....#P....#
##...###...###.....
#l@...##...###..<.# .
##@..####P.##.....#
..P#...#.#####......#
.........##.##..#....#
......................
##...########.PP#####.
#.### ##### # ##


You could see Rupert (berserk) and a komodo dragon.

Vanquished Creatures
  3 boulder beetles
  A hydra (Lair:3)
  2 two-headed ogres
  2 centaur warriors (D:13)
  The ghost of melvinkitnick the Covert, a journeyman SpEn of Fedhas (Lair:1)
  A slime creature (D:13)
  The ghost of gabibbone the Trooper, a novice OpEE of Ashenzari (D:7)
  2 deep elf pyromancers
  4 cyclopes
  An oklob plant (D:12)
  2 manticores
  Joseph (D:9)
  2 ice statues (IceCv)
  An elephant (Lair:3)
  A gargoyle (D:10)
  2 unseen horrors
  An anaconda simulacrum (IceCv)
  2 cane toads
  2 kobold demonologists
  An entropy weaver simulacrum (IceCv)
  2 tengu conjurers (D:13)
  A rime drake (Lair:1)
  A komodo dragon (Lair:2)
  6 ice devils (IceCv)
  4 trolls
  A hornet (D:11)
  A spectral dream sheep (Lair:1)
  A spectral black mamba (Lair:1)
  2 wraiths (D:12)
  2 shadows (D:11)
  A dire elephant simulacrum (IceCv)
  28 yaks
  A basilisk (Lair:1)
  4 death yak simulacra
  A steam dragon (D:10)
  3 vampire mosquitoes
  A hydra simulacrum (Lair:1)
  An acid dragon (D:10)
  3 water moccasins
  3 ice beasts (D:7)
  2 orc warriors
  2 black bears
  An ogre (D:5)
  3 wolves (Lair:1)
  8 centaurs
  A phantom (D:4)
  3 kobold brigands
  2 bullfrogs
  3 scorpions
  2 cane toad simulacra
  4 two-headed ogre simulacra (IceCv)
  3 gnoll sergeants
  5 wights
  3 killer bees (D:9)
  An elephant simulacrum (IceCv)
  3 howler monkeys
  2 electric eels
  A hound (D:6)
  3 jellies (D:6)
  5 orc priests
  2 iguanas
  An iron imp (D:5)
  A gnoll bouda (D:5)
  Ijyb (D:3)
  Natasha (thrice) (D:3)
  11 orc wizards
  A polar bear simulacrum (IceCv)
  A spriggan simulacrum (IceCv)
  2 troll simulacra (IceCv)
  Robin (D:2)
  23 gnolls
  9 adders
  2 naga simulacra (IceCv)
  A shadow imp (D:7)
  7 white imps
  A howler monkey simulacrum (D:7)
  3 ufetubi (IceCv)
  2 worms
  3 dart slugs
  52 orcs
  6 endoplasms
  3 giant cockroaches
  12 goblins
  7 hobgoblins
  2 jackals (D:1)
  4 quokkas
  5 ball pythons
  4 bats
  3 frilled lizards
  28 kobolds
  5 rats
  3 bushes (D:12)
366 creatures vanquished.

Vanquished Creatures (others)
  7 fungi
  8 plants
  13 toadstools (D:12)
28 creatures vanquished.

Grand Total: 394 creatures vanquished

Notes
Turn   | Place    | Note
-------+----------+-------------------------------------------
     0 | D:1      | Zappman123 the Gargoyle Earth Elementalist began the quest
                  | for the Orb.
     0 | D:1      | Reached XP level 1. HP: 10/10 MP: 3/3
   416 | D:1      | Found a faded altar of an unknown god.
   421 | D:1      | Reached XP level 2. HP: 15/15 MP: 0/5
   568 | D:1      | Learned a level 2 spell: Passwall
   983 | D:1      | Reached XP level 3. HP: 19/19 MP: 4/6
  1447 | D:2      | Reached skill level 5 in Earth Magic
  1693 | D:2      | Noticed Robin
  1731 | D:2      | Killed Robin
  1732 | D:2      | Reached XP level 4. HP: 23/24 MP: 1/7
  2633 | D:3      | Noticed Natasha
  2635 | D:3      | Killed Natasha
  2636 | D:3      | Reached XP level 5. HP: 28/28 MP: 6/9
  2739 | D:3      | Reached skill level 1 in Fighting
  2845 | D:3      | Noticed Ijyb
  2847 | D:3      | Paralysed by Ijyb for 3 turns
  2854 | D:3      | Killed Ijyb
  2939 | D:3      | Learned a level 3 spell: Stone Arrow
  3017 | D:3      | Noticed Natasha
  3025 | D:3      | Killed Natasha
  3078 | D:3      | Reached skill level 1 in Conjurations
  3662 | D:3      | Noticed Natasha
  3668 | D:3      | Killed Natasha
  3669 | D:3      | Reached XP level 6. HP: 25/35 MP: 5/11
  4281 | D:4      | Found a hide-covered altar of Uskayaw.
  4480 | D:4      | Reached XP level 7. HP: 40/40 MP: 9/13
  4564 | D:4      | Found a glowing golden altar of the Shining One.
  4831 | D:4      | Identified 2 scrolls of acquirement
  4935 | D:4      | Acquired 965 gold pieces
  4937 | D:4      | Acquired the +2 kite shield of Vanity {Dex+6}
  4969 | D:5      | Entered Level 5 of the Dungeon
  5436 | D:5      | Reached skill level 5 in Conjurations
  6060 | D:5      | Found a shadowy altar of Dithmenos.
  6394 | D:5      | Found a snail-covered altar of Cheibriados.
  6502 | D:6      | Found a broken altar of Ashenzari.
  6523 | D:6      | Reached XP level 8. HP: 46/46 MP: 7/14
  7346 | D:6      | Found a sacrificial altar of Ru.
  7454 | D:6      | Found a stormy altar of Qazlal.
  7455 | D:6      | Found a white marble altar of Elyvilon.
  7456 | D:6      | Found a sparkling altar of Nemelex Xobeh.
  7457 | D:6      | Found a bloodstained altar of Trog.
  7933 | D:7      | Found a runed translucent gate.
  7933 | D:7      | Found a runed translucent gate.
  7933 | D:7      | Found a runed translucent gate.
  8002 | D:7      | Found a blossoming altar of Fedhas.
  8034 | D:7      | Noticed gabibbone's ghost (novice OpEE)
  8168 | D:7      | Reached skill level 10 in Earth Magic
  8255 | D:7      | Found a staircase to the Ecumenical Temple.
  8258 | D:7      | Reached XP level 9. HP: 52/52 MP: 8/15
  8264 | Temple   | Entered the Ecumenical Temple
  8459 | Temple   | Became a worshipper of Vehumet
  8524 | D:7      | Noticed an orc sorcerer
  8921 | D:8      | Reached skill level 5 in Fighting
  9202 | D:8      | Reached skill level 1 in Armour
  9394 | D:8      | Found a staircase to the Lair.
  9419 | D:8      | Found a runed translucent gate.
  9419 | D:8      | Found a runed translucent gate.
  9419 | D:8      | Found a runed translucent gate.
  9419 | D:8      | Found an opulent altar of Gozag.
  9419 | D:8      | Noticed a manticore
  9420 | D:8      | Noticed a two-headed ogre
  9422 | D:8      | Noticed Gwenloh's ghost (novice HOAK)
  9422 | D:8      | Noticed a cyclops
  9742 | D:8      | Found a shimmering altar of Xom.
  9850 | D:8      | Found an ancient bone altar of Kikubaaqudgha.
  9888 | D:8      | Reached skill level 5 in Armour
  9890 | D:8      | Reached * piety under Vehumet
  9890 | D:8      | Offered knowledge of Freeze by Vehumet.
 10224 | D:9      | Noticed Joseph
 10416 | D:9      | Found an opulent altar of Gozag.
 10440 | D:9      | Noticed a kobold demonologist
 10441 | D:9      | Noticed an orange demon
 10445 | D:9      | Killed a kobold demonologist
 10446 | D:9      | Reached XP level 10. HP: 57/60 MP: 16/16
 10505 | D:9      | Reached skill level 1 in Shields
 10510 | D:9      | Reached skill level 2 in Shields
 10738 | D:9      | Killed Joseph
 10739 | D:9      | Reached skill level 3 in Shields
 11101 | D:9      | Reached skill level 4 in Shields
 11276 | D:9      | Noticed a two-headed ogre
 11283 | D:9      | Killed a two-headed ogre
 11284 | D:9      | Reached skill level 6 in Shields
 11823 | D:10     | Entered Level 10 of the Dungeon
 12014 | D:10     | Reached skill level 7 in Shields
 12300 | D:10     | Killed an unseen horror
 12441 | D:10     | Offered knowledge of Static Discharge by Vehumet.
 12450 | D:10     | Reached ** piety under Vehumet
 12551 | D:10     | Reached skill level 8 in Shields
 12775 | D:10     | Found a staircase to the Orcish Mines.
 12942 | D:10     | Noticed a manticore
 12956 | D:10     | Killed a manticore
 12957 | D:10     | Reached skill level 9 in Shields
 13231 | D:10     | Noticed a gargoyle
 13235 | D:10     | Killed a gargoyle
 13236 | D:10     | Reached XP level 11. HP: 64/64 MP: 7/17
 13400 | D:11     | Noticed a cyclops
 13404 | D:11     | Reached skill level 10 in Shields
 13406 | D:11     | Killed a cyclops
 13535 | D:11     | Noticed a cyclops
 13541 | D:11     | Killed a cyclops
 13610 | D:10     | Reached skill level 11 in Shields
 13874 | D:11     | Noticed Sonja
 13875 | D:11     | Noticed Sonja
 13875 | D:11     | Sonja changed into Sonja the worm
 13879 | D:11     | Killed Sonja the worm
 13947 | D:11     | Noticed a two-headed ogre
 13954 | D:11     | Killed a two-headed ogre
 14073 | D:11     | Noticed a deep elf pyromancer
 14077 | D:11     | Offered knowledge of Poisonous Vapours by Vehumet.
 14079 | D:11     | Killed a deep elf pyromancer
 14080 | D:11     | Reached skill level 12 in Shields
 14255 | D:11     | Found a glowing silver altar of Zin.
 14458 | D:7      | Killed gabibbone's ghost
 14507 | D:7      | Reached *** piety under Vehumet
 15132 | D:12     | Noticed a boulder beetle
 15143 | D:12     | Killed a boulder beetle
 15144 | D:12     | Reached skill level 5 in Dodging
 15517 | D:12     | Offered knowledge of Sticky Flame by Vehumet.
 15613 | D:12     | Reached XP level 12. HP: 70/70 MP: 8/18
 16077 | D:12     | Found a blossoming altar of Fedhas.
 17044 | D:13     | Noticed a centaur warrior
 17058 | D:13     | Killed a centaur warrior
 17187 | D:13     | Identified the +9 dagger of Eternity {pain, *Rage Will+++
                  | MP+9 Dex-2}
 17554 | D:13     | Noticed a centaur warrior
 17557 | D:13     | Killed a centaur warrior
 17558 | D:13     | Reached skill level 1 in Short Blades
 18154 | D:13     | Noticed a boulder beetle
 18172 | D:13     | Killed a boulder beetle
 18553 | Lair:1   | Entered Level 1 of the Lair of Beasts
 18553 | Lair:1   | Found a runed translucent gate.
 18553 | Lair:1   | Found a runed translucent gate.
 18553 | Lair:1   | Found a runed translucent gate.
 19318 | Lair:1   | Noticed melvinkitnick's ghost (journeyman SpEn)
 19406 | Lair:1   | Killed melvinkitnick's ghost
 19415 | Lair:1   | Reached **** piety under Vehumet
 19742 | Lair:2   | Found a frozen archway.
 19746 | IceCv    | Entered an ice cave
 20156 | IceCv    | Offered knowledge of Olgreb's Toxic Radiance by Vehumet.
 20457 | IceCv    | Reached XP level 13. HP: 79/79 MP: 16/19
 21097 | IceCv    | Reached skill level 5 in Spellcasting
 21466 | IceCv    | Noticed a reaper
 22018 | Lair:2   | Learned a level 5 spell: Iskenderun's Battlesphere
 22216 | Lair:2   | You fall into a shaft and drop 1 floor!
 22490 | Lair:3   | Found a staircase to the Shoals.
 22587 | Lair:3   | Noticed Rupert
 22620 | Lair:3   | Mangled by Rupert

Illustrated notes

Levels and vault maps discovered:
D:1:      evilmike_arrival_hilbert_curve, layout_basic,
          hellmonk_ecumenical_altar_slurped_away
D:2:      layout_loops_cross, minmay_mini_jars, uniq_robin
D:3:      layout_loops_ring, uniq_crazy_yiuf_cottage, uniq_ijyb, uniq_natasha
D:4:      layout_cave_pools, mainiacjoe_overflow_alcove_2,
          nicolae_tso_carved_into_rock, serial_forest,
          infiniplex_forest_zigzag_1, infiniplex_forest_3_way,
          infiniplex_forest_clump_tiny, infiniplex_forest_clump_double,
          infiniplex_forest_end_1, infiniplex_forest_zigzag_2,
          infiniplex_forest_corner_1, chequers_serial_rivers_large_a,
          chequers_serial_rivers_room_b
D:5:      layout_gridville, slow_altar_2, kennysheep_mini
D:6:      layout_rooms, ashenzari_conservatory_becter,
          nicolae_ru_great_annihilating_truth, mainiacjoe_overflow_alcove_3,
          kennysheep_cluttered_room, feat_on_display
D:7:      cheibrodos_wizards_tower, layout_rooms, mainiacjoe_overflow_catwalk,
          temple_green, gammafunk_ghost_icy
D:8:      layout_basic, nicolae_overflow_squiral, dpeg_oklobed_lair,
          ebering_ghost_gozag
D:9:      layout_layer_cave, mainiacjoe_overflow_alcove_1, uniq_joseph
D:10:     dreamdust_cave_troll, layout_layer_cave, hiddenorc1_lemuel
D:11:     layout_rooms, zin_treasury, uniq_sonja
D:12:     layout_roguey, tgw_fedhas
D:13:     layout_long_grid
Temple:   hellmonk_temple_forest_ring
Lair:1:   layout_long_grid, gammafunk_ghost_necromancy, serial_bayou_shore_a,
          grunt_megastairs_2
Lair:2:   layout_regular_city, spider_nest_entry_funnel_web,
          portal_ice_cave_entry_pillars_2, infiniplex_staircase_pool_2
Lair:3:   layout_regular_city, shoals_dummy_entry, beast_lair_carwin_3,
          uniq_rupert

Skill      XL: |  1  2  3  4  5  6  7  8  9 10 11 12 13 |
---------------+----------------------------------------+-----
Earth Magic    | 4 5 6 10 | 10.0
Spellcasting   | 3 4 6 |  6.0
Fighting       | 2 3 4 6 8 9 |  9.9
Conjurations   | 1 4 6 8 |  8.0
Armour         | 8 |  8.0
Shields        | 9 12 | 12.0
Dodging        | 6 8 |  8.0
Short Blades   | 4 |  4.0
Stealth        | |  2.1
Transmutations | |  0.7

Action                   |  1- 3 |  4- 6 |  7- 9 | 10-12 | 13-15 || total
-------------------------+-------+-------+-------+-------+-------++-------
Melee: Dagger            |       |     2 |       |       |     6 ||     8
       Spear             |       |       |    28 |   167 |       ||   195
Throw: Dart              |       |       |     5 |    15 |     4 ||    24
 Cast: Sandblast         |    46 |    96 |   126 |   150 |    49 ||   467
       Stone Arrow       |       |       |    36 |   201 |    97 ||   334
       Passwall          |       |       |       |     1 |       ||     1
       Iskenderun's Batt |       |       |       |       |     1 ||     1
Evoke: Wand              |       |       |     4 |     7 |     2 ||    13
       Phial of floods   |       |       |       |       |     1 ||     1
       Condenser vane    |       |       |       |       |     1 ||     1
  Use: Scroll            |       |     6 |     9 |    13 |     3 ||    31
       Potion            |       |     1 |     1 |     1 |     8 ||    11
 Stab: Paralysed         |       |       |       |     4 |       ||     4
Armor: Robe              |    15 |       |       |       |       ||    15
       Animal skin       |       |    15 |    39 |       |       ||    54
       Ring mail         |       |       |       |    95 |     7 ||   102
       Troll leather arm |       |       |       |     4 |    31 ||    35
Dodge: Dodged            |    25 |    57 |   120 |   156 |    79 ||   437
Block: Kite shield       |       |       |       |   315 |   149 ||   464
       Reflection        |       |       |       |    31 |       ||    31

Table legend: (Time is in decaauts)
 A = Elapsed time spent in this place.
 B = Non-inter-level travel time spent in this place.
 C = Inter-level travel time spent in this place.
 D = Time resting spent in this place.
 E = Time spent auto-exploring this place.
 F = Levels seen in this place.
 G = Mean time per level.
                   A        B        C        D        E       F      G
               +--------+--------+--------+--------+--------+-----+--------+
         Total |  23179 |  21185 |   1994 |   4544 |  13113 |  18 | 1287.7 |
       Dungeon |  18806 |  16861 |   1945 |   2834 |  11529 |  13 | 1446.6 |
        Temple |    213 |    183 |     30 |      0 |    173 |   1 |  213.0 |
          Lair |   2098 |   2080 |     18 |    390 |   1218 |   3 |  699.3 |
      Ice Cave |   2060 |   2060 |      0 |   1320 |    193 |   1 | 2060.0 |
               +--------+--------+--------+--------+--------+-----+--------+

Top non-repeatable levels by time:
    D:12: 2228 daAuts
   IceCv: 2060 daAuts
    D:10: 1840 daAuts
     D:5: 1753 daAuts
     D:9: 1635 daAuts
     D:1: 1479 daAuts
     D:7: 1399 daAuts
     D:3: 1347 daAuts
    D:13: 1310 daAuts
     D:8: 1265 daAuts
     D:6: 1244 daAuts
     D:4: 1226 daAuts
  Lair:1: 1217 daAuts
     D:2: 1120 daAuts
    D:11: 955 daAuts
